 Dungeon Crawl Stone Soup version 0.29-a0-352-g0917bc69df (webtiles) character file.

Game seed: 16304180611305405760

1785 YayAnonymity the Shield-Bearer (level 9, -6/73 HPs)
             Began as a Gnoll Fighter on Apr 24, 2022.
             Was a Follower of the Shining One.
             Killed from afar by Maggie (19 damage)
             ... with a bolt of fire
             ... on level 8 of the Dungeon.
             The game lasted 00:08:44 (7645 turns).

YayAnonymity the Shield-Bearer (Gnoll Fighter)      Turns: 7645, Time: 00:08:45

Health: -6/73      AC: 10    Str: 22    XL:     9   Next: 8%
Magic:  0/14       EV:  7    Int:  7    God:    the Shining One [*.....]
Gold:   408        SH: 17    Dex:  8    Spells: 15/15 levels left

rFire   . . .      SeeInvis .   b - +6 long sword of Risk Management {vorpal, Str+3}
rCold   . . .      Faith    .   c - +0 kite shield
rNeg    . . .      Spirit   +   l - +0 chain mail
rPois   +          Reflect  .   (no helmet)
rElec   +          Harm     .   (no cloak)
rCorr   +          Rampage  .   (no gloves)
Will    +....                   (no boots)
Stlth   ..........              k - amulet of Bewn {Spirit rElec rPois Will+ Dex-5}
HPRegen 0.22/turn               s - ring of resist corrosion
MPRegen 0.14/turn               (no ring)

@: divinely shielded, mesmerised, glowing
A: fangs 1, strong nose, distributed training
a: Renounce Religion, Divine Shield


You were on level 8 of the Dungeon.
You worshipped the Shining One.
The Shining One was aware of your devotion.
You visited 2 branches of the dungeon, and saw 9 of its levels.

You collected 408 gold pieces.

Inventory:

Hand Weapons
 a - a +4 mace
 b - the +6 long sword of Risk Management (weapon) {vorpal, Str+3}
   (You found it on level 4 of the Dungeon)

   It inflicts extra damage upon your enemies.
   Str:       It affects your strength (+3).
Missiles
 i - 7 poisoned darts (quivered)
 q - a throwing net
Armour
 c - a +0 kite shield (worn)
 l - a +0 chain mail (worn)
Jewellery
 k - the amulet of Bewn (around neck) {Spirit rElec rPois Will+ Dex-5}
   (You acquired it on level 6 of the Dungeon)

   [amulet of guardian spirit]

   It causes incoming damage to be divided between your reserves of health and
   magic.
   Dex:       It affects your dexterity (-5).
   rElec:     It insulates you from electricity.
   rPois:     It protects you from poison.
   Will:      It increases your willpower.
 s - a ring of resist corrosion (left hand)
Wands
 n - a wand of paralysis (5)
 p - a wand of polymorph (6)
 w - a wand of acid (7)
 y - a wand of flame (11)
Scrolls
 j - 4 scrolls of holy word
 m - 3 scrolls of identify
 o - a scroll of magic mapping
 t - a scroll of blinking
 u - a scroll of acquirement
 x - a scroll of teleportation
Potions
 d - a potion of might
 e - 2 potions of magic
 f - 3 potions of brilliance
 g - a potion of invisibility
 h - a potion of haste
 r - a potion of heal wounds {unknown}
 v - a potion of lignification {unknown}
 z - a potion of resistance {unknown}


   Skills:
 + Level 7.7 Fighting
 + Level 3.9 Short Blades
 + Level 3.9 Long Blades
 + Level 3.9 Axes
 + Level 6.1 Maces & Flails
 + Level 3.9 Polearms
 + Level 3.9 Staves
 + Level 3.9 Slings
 + Level 3.9 Bows
 + Level 3.9 Crossbows
 + Level 3.9 Throwing
 + Level 7.7 Armour
 + Level 3.9 Dodging
 + Level 3.9 Stealth
 + Level 7.7 Shields
 + Level 3.9 Unarmed Combat
 + Level 3.9 Spellcasting
 + Level 3.2 Conjurations
 + Level 3.2 Hexes
 + Level 3.2 Summonings
 + Level 3.2 Necromancy
 + Level 3.2 Translocations
 + Level 3.2 Transmutations
 + Level 3.2 Fire Magic
 + Level 3.2 Ice Magic
 + Level 3.2 Air Magic
 + Level 3.2 Earth Magic
 + Level 3.2 Poison Magic
 + Level 4.2 Invocations
 + Level 3.9 Evocations


You had 15 spell levels left.
You didn't know any spells.
Your spell library contained the following spells:

 Spells                   Type           Power      Damage    Failure   Level
 Stone Arrow              Conj/Erth      10%        3d7       99%         3
 Animate Armour           Summ/Erth      10%        N/A       100%        4
 Lehudib's Crystal Spear  Conj/Erth      2%         10d2      100%        8


Dungeon Overview and Level Annotations

Branches:
Dungeon (8/15)             Temple (1/1) D:5
   Lair: D:8-11

Altars:
Ashenzari
Cheibriados
Dithmenos
Elyvilon
Fedhas
Gozag
Hepliaklqana
Kikubaaqudgha
Makhleb
Nemelex Xobeh
Okawaru
Qazlal
Ru
Sif Muna
Trog
Uskayaw
Vehumet
Wu Jian
Xom
Yredelemnul
Zin
The Shining One

Annotations:
D:7 1 runed translucent door
D:8 Maggie


Innate Abilities, Weirdness & Mutations

You have very sharp teeth.
Your uncanny sense of smell can sniff out nearby items.
Your experience applies equally to all skills.


Message History

You barely miss Maggie.
Maggie is moderately wounded.
You block Maggie's attack.
Maggie says, "Leave now, and tell all of Margery's mercy!"
Maggie hits you with a +0 glaive of distortion.
You blink.
You hit Maggie but do no damage.
Maggie is moderately wounded.
You break out of your daze.
Maggie mumbles some strange words.
Maggie attempts to bespell you! You resist.
You hit Maggie.
Maggie is moderately wounded.
Maggie gestures wildly while chanting.
Maggie attempts to bespell you!
You are mesmerised by Maggie!
You slash Maggie!
Maggie is severely wounded.
Maggie hits you with a +0 glaive of distortion!
Space warps around you. Maggie casts a spell at you.
The bolt of fire hits you!!
* * * LOW HITPOINT WARNING * * *
You slash Maggie!
Maggie is almost dead.
Maggie casts a spell.
Maggie draws you further into her thrall.
You barely miss Maggie.
Maggie is almost dead.
Maggie barely misses you.
You hit Maggie.
Maggie is almost dead.
You block Maggie's attack.
Maggie mutters to herself, "Master Lance won't take me back.
This is the way forward."
You block Maggie's attack.
You hit Maggie but do no damage. You bite Maggie, but do no damage.
Maggie is almost dead.
Maggie points at you and mumbles some strange words.
The bolt of fire hits you!!
You die...

## ##
#...#
#.#.#
#.#(#
#.#(#
#.#.#####
#.@(....#
###@###.#
#.# #.#
#.# #.#
#######
#.#
#.....#
#.# ##
#.###.#
#.# #.


You could see Maggie (mesmerising).

Vanquished Creatures
  A water moccasin (D:7)
  2 black bears
  A centaur (D:5)
  3 phantoms
  A kobold brigand (D:6)
  A bullfrog (D:4)
  2 necrophages
  3 wights (D:8)
  An electric eel (D:6)
  5 howler monkeys
  2 hounds
  A jelly (D:7)
  6 orc priests
  2 iguanas
  An orc wizard (D:8)
  3 gnolls (D:7)
  5 adders
  2 shadow imps
  An ufetubus (D:6)
  A worm (D:2)
  4 dart slugs
  19 orcs
  6 ball pythons
  17 endoplasms
  7 giant cockroaches
  8 goblins
  9 hobgoblins
  2 jackals (D:1)
  11 kobolds
  3 quokkas
  4 bats
  8 frilled lizards
  2 rats
144 creatures vanquished.

Vanquished Creatures (others)
  3 fungi (D:8)
3 creatures vanquished.

Grand Total: 147 creatures vanquished

Notes
Turn   | Place    | Note
-------+----------+-------------------------------------------
     0 | D:1      | YayAnonymity the Gnoll Fighter began the quest for the Orb.
     0 | D:1      | Reached XP level 1. HP: 23/23 MP: 1/1
   173 | D:1      | Reached XP level 2. HP: 29/29 MP: 2/2
   523 | D:1      | Reached XP level 3. HP: 27/35 MP: 3/3
  1150 | D:2      | Found a hazy altar of Hepliaklqana.
  1156 | D:2      | Reached skill level 1 in Invocations
  1213 | D:2      | Reached skill level 1 in Short Blades
  1213 | D:2      | Reached skill level 1 in Long Blades
  1213 | D:2      | Reached skill level 1 in Axes
  1213 | D:2      | Reached skill level 1 in Polearms
  1213 | D:2      | Reached skill level 1 in Staves
  1213 | D:2      | Reached skill level 1 in Slings
  1213 | D:2      | Reached skill level 1 in Bows
  1213 | D:2      | Reached skill level 1 in Crossbows
  1213 | D:2      | Reached skill level 1 in Throwing
  1213 | D:2      | Reached skill level 1 in Dodging
  1213 | D:2      | Reached skill level 1 in Stealth
  1213 | D:2      | Reached skill level 1 in Unarmed Combat
  1213 | D:2      | Reached skill level 1 in Spellcasting
  1213 | D:2      | Reached skill level 1 in Evocations
  1293 | D:2      | Reached XP level 4. HP: 41/41 MP: 5/5
  1891 | D:3      | Reached skill level 1 in Conjurations
  1891 | D:3      | Reached skill level 1 in Hexes
  1891 | D:3      | Reached skill level 1 in Summonings
  1891 | D:3      | Reached skill level 1 in Necromancy
  1891 | D:3      | Reached skill level 1 in Translocations
  1891 | D:3      | Reached skill level 1 in Transmutations
  1891 | D:3      | Reached skill level 1 in Fire Magic
  1891 | D:3      | Reached skill level 1 in Ice Magic
  1891 | D:3      | Reached skill level 1 in Air Magic
  1891 | D:3      | Reached skill level 1 in Earth Magic
  1891 | D:3      | Reached skill level 1 in Poison Magic
  1909 | D:3      | Reached XP level 5. HP: 4/47 MP: 5/7
  2262 | D:3      | Found a faded altar of an unknown god.
  2576 | D:4      | Noticed a phantom
  2583 | D:4      | Killed a phantom
  2818 | D:4      | Noticed a phantom
  2830 | D:4      | Killed a phantom
  2831 | D:4      | Reached XP level 6. HP: 48/53 MP: 8/8
  3007 | D:4      | Identified the +6 long sword of Risk Management {vorpal,
                  | Str+3}
  3012 | D:4      | Reached skill level 5 in Maces & Flails
  3659 | D:5      | Entered Level 5 of the Dungeon
  3691 | D:5      | Found a bloodstained altar of Trog.
  3718 | D:5      | Reached XP level 7. HP: 60/60 MP: 10/10
  4520 | D:5      | Reached XP level 8. HP: 45/67 MP: 12/12
  4794 | D:5      | Found a staircase to the Ecumenical Temple.
  4803 | Temple   | Entered the Ecumenical Temple
  5087 | Temple   | Became a worshipper of the Shining One
  5642 | D:6      | Identified a scroll of acquirement
  5642 | D:6      | Acquired the amulet of Bewn {Spirit rElec rPois Will+
                  | Dex-5}
  6477 | D:7      | Noticed a sixfirhy
  6478 | D:7      | Found a runed translucent door.
  6591 | D:7      | Reached * piety under the Shining One
  6917 | D:8      | Found a blossoming altar of Fedhas.
  7220 | D:8      | Reached XP level 9. HP: 63/72 MP: 10/14
  7626 | D:8      | Noticed Maggie
  7645 | D:8      | Killed from afar by Maggie

Illustrated notes

Levels and vault maps discovered:
D:1:      dpeg_arrival_another_circle, layout_loops_ring
D:2:      layout_rooms, basic_altar
D:3:      layout_rooms, shapermc_ecumenical_altar_mp_highgroup
D:4:      layout_loops_corners, grunt_decor_one_mirror,
          chequers_serial_rivers_micro_e, hangedman_decor_slide_cut
D:5:      layout_loops_ring, trog_book, minmay_temple_entry_fiery
D:6:      layout_basic, nicolae_water_bricks, minmay_microvault
D:7:      cheibrodos_shockbox, layout_loops_ring
D:8:      layout_basic, mainiacjoe_overflow_boulevard, uniq_gastronok,
          uniq_maggie
Temple:   mainiacjoe_temple_cubbyholes

Skill      XL: |  1  2  3  4  5  6  7  8 |
---------------+-------------------------+-----
Invocations    | 1 2 3 4 |  4.2
Short Blades   | 1 2 3 |  3.9
Long Blades    | 1 2 3 |  3.9
Axes           | 1 2 3 |  3.9
Polearms       | 1 2 3 |  3.9
Staves         | 1 2 3 |  3.9
Slings         | 1 2 3 |  3.9
Bows           | 1 2 3 |  3.9
Crossbows      | 1 2 3 |  3.9
Throwing       | 1 2 3 |  3.9
Dodging        | 1 2 3 |  3.9
Stealth        | 1 2 3 |  3.9
Unarmed Combat | 1 2 3 |  3.9
Spellcasting   | 1 2 3 |  3.9
Evocations     | 1 2 3 |  3.9
Conjurations   | 1 2 3 |  3.2
Hexes          | 1 2 3 |  3.2
Summonings     | 1 2 3 |  3.2
Necromancy     | 1 2 3 |  3.2
Translocations | 1 2 3 |  3.2
Transmutations | 1 2 3 |  3.2
Fire Magic     | 1 2 3 |  3.2
Ice Magic      | 1 2 3 |  3.2
Air Magic      | 1 2 3 |  3.2
Earth Magic    | 1 2 3 |  3.2
Poison Magic   | 1 2 3 |  3.2
Maces & Flails | 5 6 |  6.1
Fighting       | 7 |  7.7
Armour         | 7 |  7.7
Shields        | 7 |  7.7

Action                   |  1- 3 |  4- 6 |  7- 9 || total
-------------------------+-------+-------+-------++-------
Melee: Flail             |    95 |   108 |       ||   203
       Bite              |     7 |    12 |    15 ||    34
       Long sword        |       |    30 |   173 ||   203
Throw: Dart              |       |       |     5 ||     5
Invok: Divine Shield     |       |       |     1 ||     1
  Use: Scroll            |       |     7 |     8 ||    15
Armor: Scale mail        |    50 |     5 |       ||    55
       Chain mail        |       |    64 |   103 ||   167
Dodge: Dodged            |    43 |    64 |    68 ||   175
Block: Buckler           |    24 |    28 |    47 ||    99
       Kite shield       |       |       |     4 ||     4

Table legend: (Time is in decaauts)
 A = Elapsed time spent in this place.
 B = Non-inter-level travel time spent in this place.
 C = Inter-level travel time spent in this place.
 D = Time resting spent in this place.
 E = Time spent auto-exploring this place.
 F = Levels seen in this place.
 G = Mean time per level.
                   A        B        C        D        E       F      G
               +--------+--------+--------+--------+--------+-----+--------+
         Total |   7744 |   7389 |    355 |     12 |   6293 |   9 |  860.4 |
       Dungeon |   7395 |   7092 |    303 |     12 |   6007 |   8 |  924.4 |
        Temple |    348 |    296 |     52 |      0 |    286 |   1 |  348.0 |
               +--------+--------+--------+--------+--------+-----+--------+

Top non-repeatable levels by time:
     D:5: 1292 daAuts
     D:1: 1164 daAuts
     D:4: 1160 daAuts
     D:6: 860 daAuts
     D:3: 844 daAuts
     D:7: 797 daAuts
     D:8: 739 daAuts
     D:2: 536 daAuts
  Temple: 348 daAuts
